Workbook

Sheet Substructure
A1: Approximate estimating
A2: Student Residence Hall, SA1 , Swansea
A3: Sean Hazelby
A5: 1.00 SUBSTRUCTURE
B6: Description | C6: Qty | D6: Unit | E6: Rate | F6: £ p | G6: Notes
B8: Substructure
B9: Site clearance; excavation; muck away; reduced levels; knotweed removal; knotweed transport to landfill
B10: Radon Sumps; Supporting ductwork; Jupa GP3 Radon DPM; Double sided joining tape; foil tape gas tape single sided; Keytec Tophats; Juta VOID VENT 25mm; Slotted T Connector to 110mm pipe; delivery
B11: Concrete slab pour RC35 300mm; Concrete Piles Driven 20m; Pile Caps 900mm x 900mm x 1000mm; 1-2 piles; Piles Caps 2100mm x 2100mm x 1000mm; 2-3 piles; Extra for reinforcement at 100 kg/m3 concrete
B12: Site Prep | F12: 228515
B13: North Building Radon | F13: 13652
B14: North Building Substructure | F14: 521086
B15: South Building Radon | F15: 10894
B16: South Building Substructure | F16: 1082999
B17: Risk allowance | F17: 185715
A23: Total Cost | F23: =SUM(F7:F22) -> 2042861
A24: Profit & Overheads | E24: 0.08 | F24: =F23*E24 -> 163428.88
A25: Total | F25: =SUM(F23:F24) -> 2206289.9

Sheet Paving & Parking
A1: Approximate estimating
A2: Student Residence Hall, SA1 , Swansea
A3: Jack Rees
A6: 2.00 Paving and Parking
B7: Description | C7: Qty | D7: Unit | E7: Rate | F7: £ p | G7: Notes
B10: Permeable Paving Car Park - To Base
B11: Level and compact formation; Terram 1000 or Similar Approved; 350mm thick caping layer; Compacting fill; Mushroom caps; 130mm thick road base with holes at 750mm centres
C12: 1375 | D12: m2 | E12: 78.27 | F12: =C12*E12 -> 107621.25
B14: Permeable Paving Car Park - Final Surfacing
B15: 50mm thick layer sand; 80mm thick concrete block paviours | C15: 1375 | D15: m2 | E15: 55.83 | F15: =C15*E15 -> 76766.25
A19: Total Cost | F19: =SUM(F8:F18) -> 184387.5
A20: Profit & Overheads | E20: 0.08 | F20: =F19*E20 -> 14751
A21: Total | F21: =SUM(F19:F20) -> 199138.5

Sheet Roads, Paths & Pavings
A1: Approximate estimating
A2: Student Residence Hall, SA1 , Swansea
A3: Jack Rees
A6: 3.00 Roads, Paths & Paving
B7: Description | C7: Qty | D7: Unit | E7: Rate | F7: £ p | G7: Notes
B10: Paved Road areas (new road created)
B11: Tarmacadam paving
B12: two layers; limestone or igneous chipping finish paving on subbase; including excavation and type 1 subbase | C12: 539 | D12: m2 | E12: 110 | F12: =C12*E12 -> 59290 | G12: Approximately 98lm long and 5.5mt wide.
B14: Slab Paving (other areas)
B15: precast concrete paving slabs on subbase; including excavation | C15: 6388 | D15: m2 | E15: 79 | F15: =C15*E15 -> 504652 | G15: Measure based on remainder of site less landscaping, parking, and building areas.
A19: Total Cost | F19: =SUM(F8:F18) -> 563942
A20: Profit & Overheads | E20: 0.08 | F20: =F19*E20 -> 45115.36
A21: Total | F21: =SUM(F19:F20) -> 609057.36

Sheet Landscaping
A1: Approximate estimating
A2: Student Residence Hall, SA1 , Swansea
A3: Jack Rees
A6: 4.00 Landscaping
B7: Description | C7: Qty | D7: Unit | E7: Rate | F7: £ p | G7: Notes
B10: Seeding and Turfing
B11: Surface treatment
B12: spread and lightly consolidate top soil from spoil heap 150mm thick; by machine | C12: 1230 | D12: m2 | E12: 2.85 | F12: =C12*E12 -> 3505.5
B14: Plant supply, planting, maintenance and 12 months guarantee
B15: turfed area | C15: 1230 | D15: m2 | E15: 8.2 | F15: =C15*E15 -> 10086
B18: External Planting
B19: Standard root balled tree | C19: 27 | D19: nr | E19: 94 | F19: =C19*E19 -> 2538
A21: Total Cost | F21: =SUM(F8:F20) -> 16129.5
A22: Profit & Overheads | E22: 0.08 | F22: =F21*E22 -> 1290.36
A23: Total | F23: =SUM(F21:F22) -> 17419.86

Sheet Scaffolding
A1: Approximate estimating
A2: Student Residence Hall, SA1 , Swansea
A3: Jack Rees
A6: 5.00 Scaffold
B7: Description | C7: Qty | D7: Unit | E7: Rate | F7: £ p | G7: Notes
B9: Scaffold
B10: Scaffold; provided throughout works at various stages; all necessary fencing; all necessary scaffolding; safe access for loading of materials for the safe execution of the work. | G10: Any temporary scaffold requirements will need to be treated as a variation.
B11: Erection and Dismaantle of Scaffold to roof level accomidating all relevant trades throughout. 3 storey building and above. | C11: 4620 | D11: m2 | E11: 22.75 | F11: =C11*E11 -> 105105
A14: Total Cost | F14: =SUM(F8:F13) -> 105105
A15: Profit & Overheads | E15: 0.08 | F15: =F14*E15 -> 8408.4
A16: Total | F16: =SUM(F14:F15) -> 113513.4

Sheet Brick-block work & Cladding
A1: Approximate estimating
A2: Student Residence Hall, SA1 , Swansea
A3: Jack Rees
A6: 6.00 Brick/ Blockwork & Cladding
B7: Description | C7: Qty | D7: Unit | E7: Rate | F7: £ p | G7: Notes
B9: External Walls - Ground Floor
B10: Brick/block walling; Cavity walls
B11: Cavity wall; facing brick outer skin; insulation; with plaster on standard weight block inner skin; emulsion (U-value = 0.30W/m2 K) | G11: SPONS RATE. No deductions have been made at this stage for windows or doors.
B12: machine-made facings; PC £700.00/1000 | C12: 1076 | D12: m2 | E12: 185 | F12: =C12*E12 -> 199060
B14: First and Second Floors
B15: Rainscreen Cladding & Blockwork Internally
B16: Trespa single skin rainscreen cladding, 8mm thick panel, with secondary support/frame system; adhesive fixed panels; open joints; 100mm Kingspan K15 insulation; aluminium subframe fixed to masonry/concrete | C16: 4192 | D16: m2 | E16: 305 | F16: =C16*E16 -> 1278560 | G16: SPONS RATE. No deductions have been made at this stage for windows or doors.
B17: Coloured dense aggregate masonry block walls; Lignacite or similar
B18: 100mm thick single skin, polished face | C18: 4192 | D18: m2 | E18: 160 | F18: =C18*E18 -> 670720
A23: Total Cost | F23: =SUM(F8:F22) -> 2148340
A24: Profit & Overheads | E24: 0.08 | F24: =F23*E24 -> 171867.2
A25: Total | F25: =SUM(F23:F24) -> 2320207.2

Sheet Steel Frame
A1: Approximate estimating
A2: Student Residence Hall, SA1 , Swansea
A3: Jack Rees
A6: 7.00 Steel Frame
B7: Description | C7: Qty | D7: Unit | E7: Rate | F7: £ p | G7: Notes
B9: Steel Frame
B10: Steel frame; composite beam and slab floors
B11: Suspended slab; permanent steel shuttering with 130mm thick concrete; no coverings or finishes | G11: SPONS RATE.
B12: up to 6 storeys | C12: 7670 | D12: m2 | E12: 180 | F12: =C12*E12 -> 1380600 | G12: Measure based on GIFA
A19: Total Cost | F19: =SUM(F8:F18) -> 1380600
A20: Profit & Overheads | E20: 0.08 | F20: =F19*E20 -> 110448
A21: Total | F21: =SUM(F19:F20) -> 1491048

Sheet Floors
A1: Approximate estimating
A2: Student Residence Hall, SA1 , Swansea
A3: Jack Rees
A6: 8.00 Floors
B7: Description | C7: Qty | D7: Unit | E7: Rate | F7: £ p | G7: Notes
B9: First & Second Floor Construction
B10: Composite precast concrete and in situ concrete upper ﬂoors
B11: Omnidec (Hanson Building Products) ﬂooring system comprising of 50mm thick precast concrete deck (as permanent shuttering); 210mm polystyrene void fotrmers; concrete topping and reinforcemen | C11: 5114 | D11: m2 | E11: 140 | F11: =C11*E11 -> 715960
B13: Screed
B14: Flowing screeds
B15: Latex screeds; self-colour; 3mm to 5mm thick | C15: 7670 | D15: m2 | E15: 13 | F15: =C15*E15 -> 99710
B17: Floor Finishes
B18: Flexible tiling; welded sheet or butt joint tiles; adhesive fixing
B19: vinyl safety flooring; 2.00–2.50mm thick | C19: 7670 | D19: m2 | E19: 59 | F19: =C19*E19 -> 452530 | G19: Ground, 1st and 2nd floors included.
B21: Carpet finishes
B22: Carpet tiles; including underlay, edge grippers
B23: heavy domestic duty; to floors; PC Sum £38/m2 | C23: 1644 | D23: m2 | E23: 75 | F23: =C23*E23 -> 123300 | G23: Carpet finishes to all bedrooms
B25: Under floor heating System (Bathrooms only)
B26: Loose wire system | C26: 322 | D26: m2 | E26: 120 | F26: =C26*E26 -> 38640 | G26: as noted, this is based on a loose wire system.
A28: Total Cost | F28: =SUM(F8:F27) -> 1430140
A29: Profit & Overheads | E29: 0.08 | F29: =F28*E29 -> 114411.2
A30: Total | F30: =SUM(F28:F29) -> 1544551.2

Sheet Partition Walls
A1: Approximate estimating
A2: Student Residence Hall, SA1 , Swansea
A3: Jack Rees
A6: 9.00 Partition Walls
B7: Description | C7: Qty | D7: Unit | E7: Rate | F7: £ p | G7: Notes
B9: Partition Walls
B10: Inner Skin Plastering (first and second floors)
B11: two coats of lightweight plaster with emulsion finish | C11: 4192 | D11: m2 | E11: 23 | F11: =C11*E11 -> 96416
B13: Frame and panel partitions
B14: Metal stud and board partitions; height range from 2.40m to 3.30m
B15: 130mm thick partition; 70mm steel studs at 600mm centres generally; 2 layers 15mm Fireline board each side; joints filled with joint filler and joint tape; emulsion paint finish; softwood skirtings with gloss finish | C15: 8782 | D15: m2 | E15: 84 | F15: =C15*E15 -> 737688
A21: Total Cost | F21: =SUM(F8:F20) -> 834104
A22: Profit & Overheads | E22: 0.08 | F22: =F21*E22 -> 66728.32
A23: Total | F23: =SUM(F21:F22) -> 900832.32

Sheet Ceiling Finishes
A1: Approximate estimating
A2: Student Residence Hall, SA1 , Swansea
A3: Jack Rees
A6: 10.00 Ceilings
B7: Description | C7: Qty | D7: Unit | E7: Rate | F7: £ p | G7: Notes
B9: Demountable Suspended Ceilings
B10: Integrated ceilings
B11: acoustic suspended ceilings on anti-vibration mountings | C11: 2407 | D11: m2 | E11: 84 | F11: =C11*E11 -> 202188 | G11: Voids including stairs and lift shafts have been deducted. Please note, this is from ground floor and first floor only. Voids based on 5m x 7.5m.
B13: First and Second Floor Ceilings
B14: In Situ finishes
B15: 15mm thick Gyproc Fireline board | C15: 4964 | D15: m2 | E15: 29 | F15: =C15*E15 -> 143956 | G15: Voids including stairs and lift shafts have been deducted. Please note, this is from ground floor and first floor only. Voids based on 5m x 7.5m.
A21: Total Cost | F21: =SUM(F8:F20) -> 346144
A22: Profit & Overheads | E22: 0.08 | F22: =F21*E22 -> 27691.52
A23: Total | F23: =SUM(F21:F22) -> 373835.52

Sheet External doors & windows
A1: Approximate estimating
A2: Student Residence Hall, SA1 , Swansea
A3: Jack Rees
A6: 11.00 External Doors & Windows
B7: Description | C7: Qty | D7: Unit | E7: Rate | F7: £ p | G7: Notes
B9: Automatic glazed entrance doors
B10: Softwood external doors
B11: Automatic glazed sliding doors in aluminium; polyester powder coated; linear sliding doors; inner pivoted pocket screens; glazed with safety units in accordance with BS. ASSA ABLOY SL510 P RC2 Anti-Burglar Sliding Door System complete with 100mm operator providing automated operation of the sliding door leaves
B12: Double bi-parting; opening 2.00m× 2.30m | C12: 11 | D12: nr | E12: 11500 | F12: =C12*E12 -> 126500
B14: Fire Exits
B15: Single
B16: single external steel security door, including frame, ironmongery, powder coated finish | C16: 3 | D16: nr | E16: 2600 | F16: =C16*E16 -> 7800
B17: Double
B18: double external steel security door, including frame, ironmongery, powder coated finish | C18: 1 | D18: nr | E18: 3800 | F18: =C18*E18 -> 3800
B20: Windows
B22: Composite aluminium/timber windows; U value = 1.5W/m2K
B23: Purpose-made windows; stainless steel ironmongery; Velfac System 200 or similar
B24: fixed windows over 1.50m2 up to 4.00m2 | C24: 481 | D24: m2 | E24: 310 | F24: =C24*E24 -> 149110
B26: Glazed walling
B27: Curtain walling
B28: stick curtain walling with double glazed units, aluminium structural framing and spandrel rails. Standard colour powder coated capped | C28: 287 | D28: m2 | E28: 650 | F28: =C28*E28 -> 186550
A32: Total Cost | F32: =SUM(F8:F31) -> 473760
A33: Profit & Overheads | E33: 0.08 | F33: =F32*E33 -> 37900.8
A34: Total | F34: =SUM(F32:F33) -> 511660.8

Sheet Roof build-up
A1: Approximate estimating
A2: Student Residence Hall, SA1 , Swansea
A3: Jack Rees
A6: 12.00 Roof Build-up (including Solar Panels)
B7: Description | C7: Qty | D7: Unit | E7: Rate | F7: £ p | G7: Notes
B9: Roof Deck
B10: Concrete Deck
B11: Precast concrete suspended slab with sand: cement screed over reinforced concrete slabs; on steel permanent steel shuttering; 150mm reinforced cocrete topping | C11: 2557 | D11: m2 | E11: 100 | F11: =C11*E11 -> 255700
B13: Screeds/ Decks to receive roof coverings
B14: 50mm thick cement and sand screed | C14: 2557 | D14: m2 | E14: 22 | F14: =C14*E14 -> 56254
B17: Specialist Electrical/ Electronic Installations
B18: Solar PV systems
B19: Residential solar water heating including collectors; dual coil cylinders; pump; controller (NB excludes any grant allowance) | C19: 435 | D19: m2 | E19: 1225 | F19: =C19*E19 -> 532875
A24: Total Cost | F24: =SUM(F8:F23) -> 844829
A25: Profit & Overheads | E25: 0.08 | F25: =F24*E25 -> 67586.32
A26: Total | F26: =SUM(F24:F25) -> 912415.32

Sheet Roof Coverings
A1: Approximate estimating
A2: Student Residence Hall, SA1 , Swansea
A3: Jack Rees
A6: 13.00 Roof Coverings & Rainwater Goods
B7: Description | C7: Qty | D7: Unit | E7: Rate | F7: £ p | G7: Notes
B9: Roof Coverings
B10: Bauder Roof
B11: Concrete Deck (as above); Bauder Pimer; BauderTEC KSD MICA Vapour Control Layer; Bauder PIR FA-TE Insulation; Bauder Insulation Adhesive (6.5kg/tin); Bauder Activator-Primer (Cannister) APR01-Black; BauderTEC Sprint Duo S/A Underlayer; Bauder K4E Capping Sheet Torch On. | G11: Please note, roof area includes base area, top of parapet wall and parapet upstands. All detailling work is included in the rates including VCL, Underlay, and Cap Sheet.
B12: a) Primer | C12: 2677 | D12: m2 | E12: 10.62 | F12: =C12*E12 -> 28429.74 | G12: NOTE: area of BauderBLUE roof has been deducted from these measures. Roof covering build-up has been included in the BlueROOF rates.
B13: b) Vapour Control Layer (inc detailling) | C13: 2677 | D13: m2 | E13: 28.29 | F13: =C13*E13 -> 75732.33
B14: c) Insulation & Adhesive | C14: 2677 | D14: m2 | E14: 68.18 | F14: =C14*E14 -> 182517.86
B15: d) Underlay (inc detailling) | C15: 2677 | D15: m2 | E15: 36.97 | F15: =C15*E15 -> 98968.69
B16: e) Capping Sheet (inc detailling) | C16: 2677 | D16: m2 | E16: 39.15 | F16: =C16*E16 -> 104804.55
B17: extra items:
B18: Drip Edge | C18: 485 | D18: lm | E18: 22.08 | F18: =C18*E18 -> 10708.8
B19: Coping | C19: 485 | D19: lm | E19: 167.89 | F19: =C19*E19 -> 81426.65
B22: Blue Roof (slabs included)
B23: BauderBLUE roof to be laid on top of Bauder roof coverings and completed with slabs allowing building services to rest on top of the proposed areas. | C23: 424 | D23: m2 | E23: 250 | F23: =C23*E23 -> 106000
B24: BauderBLUE roof to be laid on top of Bauder roof coverings and completed with a Green roof system on top. | C24: 424 | D24: m2 | E24: 285.54 | F24: =C24*E24 -> 121068.96
B26: OUTLETS
B27: Outlets | C27: 11 | D27: no. | E27: 324.62 | F27: =C27*E27 -> 3570.82
B28: Overflows (for Blue Roof) | C28: 2 | D28: no. | E28: 150.06 | F28: =C28*E28 -> 300.12
B31: Rainwater Goods
B32: Hoppers | C32: 11 | D32: nr | E32: 58.29 | F32: =C32*E32 -> 641.19
B33: Downpipes | C33: 112 | D33: m | E33: 79.56 | F33: =C33*E33 -> 8910.72 | G33: All relevant down pipe clips, adaptors, shoes and accessories have been included here.
A38: Total Cost | F38: =SUM(F8:F37) -> 823080.43
A39: Profit & Overheads | E39: 0.08 | F39: =F38*E39 -> 65846.434
A40: Total | F40: =SUM(F38:F39) -> 888926.86

Sheet Soakaway Crates
A1: Approximate estimating
A2: Student Residence Hall, SA1 , Swansea
A3: Jack Rees
A6: 14.00 Soakaway Crates
B7: Description | C7: Qty | D7: Unit | E7: Rate | F7: £ p | G7: Notes
B9: Excavation
B10: Excavation to allow soakaway crates to be installed.
B11: 35m3 will be required to be excvated and carted away. | C11: 35 | D11: m3 | E11: 75 | F11: =C11*E11 -> 2625
B14: Soakaway Crates
B15: Rainsmart Ellipse Soakaway Set Flat-Packed 1 Cubic Metre
B16: Code - 90004M3F; EAN Code - 0691208246408; Brand - Rainsmart; Colour - Black; Material; Recycled Polypropylene; Pack Size - Flat Packed; Style - Soakaway Set; Tonne Loading - 24.2 Tonne; Dimension - 1430mm (L) x 800mm (W) x 860mm (D); Size - 1 Cubic Metre; Lateral Load (Tonnes per sqm) - 18; Storage Volume - 935 Litres; Soakaway Depth - Double (860mm)
B17: Soakaway Crates | C17: 137 | D17: no | E17: 293.73 | F17: =C17*E17 -> 40241.01
A19: Total Cost | F19: =SUM(F8:F18) -> 42866.01
A20: Profit & Overheads | E20: 0.08 | F20: =F19*E20 -> 3429.2808
A21: Total | F21: =SUM(F19:F20) -> 46295.291

Sheet Various Internal works
A1: Approximate estimating
A2: Student Residence Hall, SA1 , Swansea
A3: Jack Rees
A6: 15.00 Various Internal works
B7: Description | C7: Qty | D7: Unit | E7: Rate | F7: £ p | G7: Notes
B9: Internal Doors
B10: Single
B11: Standard fire doors; cellular core; softwood lining; softwood architrave; aluminuim ironmongery (lockable, self-closure); painting or polishing;
B12: single leaf; Oak veneered; 60 min fire resistance; polished | C12: 266 | D12: nr | E12: 950 | F12: =C12*E12 -> 252700
B13: Double
B14: double leaf; Oak veneered; 60 min fire resistance; polished | C14: 1 | D14: nr | E14: 1750 | F14: =C14*E14 -> 1750
B17: Stair Case
B18: Reinforced concrete construction
B19: Escape staircase; granolithic finish; mild steel balustrades and handraill 3.00m rise; dogleg | C19: 12 | D19: nr | E19: 7800 | F19: =C19*E19 -> 93600
B20: plus or minus for each 300mm variation in storey height | C20: 20 | D20: nr | E20: 760 | F20: =C20*E20 -> 15200
B22: Lift Shaft
B23: Standard doors
B24: Passenger lifts (standard brushed stainless steel finish; 2 panel centre opening doors)
B25: 8-person; 4 stops; 1.0 m/s speed | C25: 4 | D25: nr | E25: 100000 | F25: =C25*E25 -> 400000
B26: extra for enhanced finishes; mirror; carpet | C26: 4 | D26: nr | E26: 5000 | F26: =C26*E26 -> 20000
A30: Total Cost | F30: =SUM(F8:F29) -> 783250
A31: Profit & Overheads | E31: 0.08 | F31: =F30*E31 -> 62660
A32: Total | F32: =SUM(F30:F31) -> 845910

Sheet Services
A1: Approximate estimating
A2: Student Residence Hall, SA1 , Swansea
A3: Jack Rees
A6: 16.00 Services
B7: Description | C7: Qty | D7: Unit | E7: Rate | F7: £ p | G7: Notes
B9: Sanitary Installations | C9: 7670 | D9: m2 | E9: 57 | F9: =C9*E9 -> 437190 | G9: Based on a GIFA of 7670m2
B11: Water Installations | C11: 7670 | D11: m2 | E11: 75 | F11: =C11*E11 -> 575250 | G11: Based on a GIFA of 7670m2
B13: Space Heating & Air Conditioning | C13: 7670 | D13: m2 | E13: 95 | F13: =C13*E13 -> 728650 | G13: Based on a GIFA of 7670m2
B15: Electrical Installations | C15: 7670 | D15: m2 | E15: 130 | F15: =C15*E15 -> 997100 | G15: Based on a GIFA of 7670m2
B17: Ventilation Systems | C17: 7670 | D17: m2 | E17: 54 | F17: =C17*E17 -> 414180 | G17: Based on a GIFA of 7670m2
B19: Fire and Lightning Protection | C19: 7670 | D19: m2 | E19: 81 | F19: =C19*E19 -> 621270 | G19: Based on a GIFA of 7670m2
B21: Communication & Security Installations | C21: 7670 | D21: m2 | E21: 83 | F21: =C21*E21 -> 636610 | G21: Based on a GIFA of 7670m2
A26: Total Cost | F26: =SUM(F8:F25) -> 4410250
A27: Profit & Overheads | E27: 0.08 | F27: =F26*E27 -> 352820
A28: Total | F28: =SUM(F26:F27) -> 4763070

Sheet Internal Furnishings
A1: Approximate estimating
A2: Student Residence Hall, SA1 , Swansea
A3: Jack Rees
A6: 17.00 Internal Furnishings
B7: Description | C7: Qty | D7: Unit | E7: Rate | F7: £ p | G7: Notes
B10: Internal Furnishings
B11: 1st and 2nd floor furnishings. | C11: 5114 | D11: m2 | E11: 136 | F11: =C11*E11 -> 695504 | G11: As provided by BCIS. Based on the GIFA of floors 1 and 2.
B13: Ground Floor, not included. To be retail and therefore supplied, designed and fitted by lease holder.
A19: Total Cost | F19: =SUM(F8:F18) -> 695504
A20: Profit & Overheads | E20: 0.08 | F20: =F19*E20 -> 55640.32
A21: Total | F21: =SUM(F19:F20) -> 751144.32

Sheet Summary (TPI & Location Factor)
A1: Approximate estimating
A2: Student Residence Hall, SA1 , Swansea
A3: Jack Rees
A4: NOTE: TPI & Location Factor has only been used where SPONS rates have been used.
A6: Summary
A7: Page nr | B7: Description | C7: % | D7: Page Total | E7: TPI | F7: Total inc TPI | G7: Total in Location Factor
A9: 1 | B9: Substructure | D9: =Substructure!F25 -> 2206289.9 | E9: =D9*3% -> 66188.696 | F9: =SUM(D9:E9) -> 2272478.6 | G9: =F9*0.85 -> 1931606.8
A10: 2 | B10: Paving & Parking | D10: ='Paving & Parking'!F21 -> 199138.5 | G10: =D10 -> 199138.5
A11: 3 | B11: Roads, Paths & Paving | D11: ='Roads, Paths & Pavings'!F21 -> 609057.36 | E11: =D11*3% -> 18271.721 | F11: =SUM(D11:E11) -> 627329.08 | G11: =F11*0.85 -> 533229.72
A12: 4 | B12: Landscaping | D12: =Landscaping!F23 -> 17419.86 | E12: =D12*3% -> 522.5958 | F12: =SUM(D12:E12) -> 17942.456 | G12: =F12*0.85 -> 15251.087
A13: 5 | B13: Scaffolding | D13: =Scaffolding!F16 -> 113513.4 | G13: =D13 -> 113513.4
A14: 6 | B14: Brick/ Blockwork & Cladding | D14: ='Brick-block work & Cladding'!F25 -> 2320207.2 | E14: =D14*3% -> 69606.216 | F14: =SUM(D14:E14) -> 2389813.4 | G14: =F14*0.85 -> 2031341.4
A15: 7 | B15: Steel Frame | D15: ='Steel Frame'!F21 -> 1491048 | E15: =D15*3% -> 44731.44 | F15: =SUM(D15:E15) -> 1535779.4 | G15: =F15*0.85 -> 1305412.5
A16: 8 | B16: Floors | D16: =Floors!F30 -> 1544551.2 | E16: =D16*3% -> 46336.536 | F16: =SUM(D16:E16) -> 1590887.7 | G16: =F16*0.85 -> 1352254.6
A17: 9 | B17: Partition Walls | D17: ='Partition Walls'!F23 -> 900832.32 | E17: =D17*3% -> 27024.97 | F17: =SUM(D17:E17) -> 927857.29 | G17: =F17*0.85 -> 788678.7
A18: 10 | B18: Ceiling finishes | D18: ='Ceiling Finishes'!F23 -> 373835.52 | E18: =D18*3% -> 11215.066 | F18: =SUM(D18:E18) -> 385050.59 | G18: =F18*0.85 -> 327293
A19: 11 | B19: External Doors & Windows | D19: ='External doors & windows'!F34 -> 511660.8 | E19: =D19*3% -> 15349.824 | F19: =SUM(D19:E19) -> 527010.62 | G19: =F19*0.85 -> 447959.03
A20: 12 | B20: Roof Build-up (including Solar Panels) | D20: ='Roof build-up'!F26 -> 912415.32 | E20: =D20*3% -> 27372.46 | F20: =SUM(D20:E20) -> 939787.78 | G20: =F20*0.85 -> 798819.61
A21: 13 | B21: Roof Coverings (including rainwater goods) | D21: ='Roof Coverings'!F40 -> 888926.86 | G21: =D21 -> 888926.86
A22: 14 | B22: Soakaway Crates | D22: ='Soakaway Crates'!F21 -> 46295.291 | G22: =D22 -> 46295.291
A23: 15 | B23: Various Internal Works | D23: ='Various Internal works'!F32 -> 845910 | E23: =D23*3% -> 25377.3 | F23: =SUM(D23:E23) -> 871287.3 | G23: =F23*0.85 -> 740594.21
A24: 16 | B24: Services | D24: =Services!F28 -> 4763070 | E24: =D24*3% -> 142892.1 | F24: =SUM(D24:E24) -> 4905962.1 | G24: =F24*0.85 -> 4170067.8
A25: 17 | B25: Internal Furnishings | D25: ='Internal Furnishings'!F21 -> 751144.32 | E25: =D25*3% -> 22534.33 | F25: =SUM(D25:E25) -> 773678.65 | G25: =F25*0.85 -> 657626.85
B26: TOTAL | G26: =SUM(G9:G25) -> 16348009

Sheet Final Summary
A1: Approximate estimating
A2: Student Residence Hall, SA1 , Swansea
A3: Jack Rees
A5: Summary
A6: Page nr | B6: Description | C6: % | D6: Total
A8: 1 | B8: Substructure | D8: ='Summary (TPI & Location Factor)'!G9 -> 1931606.8
A9: 2 | B9: Paving & Parking | D9: ='Summary (TPI & Location Factor)'!G10 -> 199138.5
A10: 3 | B10: Roads, Paths & Paving | D10: ='Summary (TPI & Location Factor)'!G11 -> 533229.72
A11: 4 | B11: Landscaping | D11: ='Summary (TPI & Location Factor)'!G12 -> 15251.087
A12: 5 | B12: Scaffolding | D12: ='Summary (TPI & Location Factor)'!G13 -> 113513.4
A13: 6 | B13: Brick/ Blockwork | D13: ='Summary (TPI & Location Factor)'!G14 -> 2031341.4
A14: 7 | B14: Steel Frame | D14: ='Summary (TPI & Location Factor)'!G15 -> 1305412.5
A15: 8 | B15: Floors | D15: ='Summary (TPI & Location Factor)'!G16 -> 1352254.6
A16: 9 | B16: Partition Walls | D16: ='Summary (TPI & Location Factor)'!G17 -> 788678.7
A17: 10 | B17: Ceiling finishes | D17: ='Summary (TPI & Location Factor)'!G18 -> 327293
A18: 11 | B18: External Doors & Windows | D18: ='Summary (TPI & Location Factor)'!G19 -> 447959.03
A19: 12 | B19: Roof Build-up (including Solar Panels) | D19: ='Summary (TPI & Location Factor)'!G20 -> 798819.61
... A24: 17 | B24: Internal Furnishings | D24: ='Summary (TPI & Location Factor)'!G25 -> 657626.85
D25: =SUM(D8:D24) -> 16348009
A26: Prelims - Site set up and works | C26: 0.2 | D26: =D25*C26 -> 3269601.9
A27: Professional fees (architects & management) | C27: 0.1 | D27: =D25*C27 -> 1634800.9
A28: Contingency | C28: 0.15 | D28: =D25*C28 -> 2452201.4
A29: Total Cost | D29: =SUM(D25:D28) -> 23704614

Sheet TPI & Location Factor workings
